 Dungeon Crawl Stone Soup version 0.22.1-6-g1668fe2 (webtiles) character file.

19910 senseless the Basher (level 12, -1/99 HPs)
             Began as a Minotaur Fighter on Jan 19, 2019.
             Was a High Priest of Hepliaklqana.
             Slain by a killer bee (2 damage)
             ... on level 4 of the Lair of Beasts.
             The game lasted 00:57:26 (10206 turns).

senseless the Basher (Minotaur Fighter)            Turns: 10206, Time: 00:57:28

Health: -1/99      AC: 26    Str: 26    XL:     12   Next: 40%
Magic:  17/17      EV:  2    Int:  5    God:    Hepliaklqana [*****.]
Gold:   813        SH:  0    Dex: 12    Spells: 19/19 levels left

rFire    . . .     SeeInvis .   s - +5 dire flail (holy)
rCold    . . .     Gourm    .   (shield currently unavailable)
rNeg     + + +     Faith    +   e - +0 plate armour
rPois    ∞         Spirit   .   l - +2 hat
rElec    .         Reflect  .   S - +2 cloak
rCorr    .         Harm     .   y - +2 pair of gloves
MR       .....     Clarity  +   (no boots)
Stlth    ..........             p - amulet of faith
HPRegen  0.26/turn              z - +5 ring of evasion
MPRegen  0.15/turn              n - +2 ring of evasion

@: lethally poisoned (-1 -> -1), petrified, slowed
A: retaliatory headbutt, reduced essence, claws 1, horns 2, molten scales 1,
clarity, strong 1
a: Recall Ancestor, Ancestor Identity, Transference, Idealise, Renounce Religion


You were on level 4 of the Lair of Beasts.
You worshipped Hepliaklqana.
Hepliaklqana was extremely pleased with you.
You were hungry.

You visited 2 branches of the dungeon, and saw 13 of its levels.
You also visited: Labyrinth.

You collected 813 gold pieces.

Inventory:

Hand Weapons
 a - a +1 flail
 s - a +5 dire flail of holy wrath (weapon)
 B - a +0 dire flail of protection
 E - a +2 mace of draining
 G - a +0 mace of protection
 K - a +0 whip of flaming
 P - a +2 fustibalus of freezing
Missiles
 Q - 79 sling bullets
Armour
 c - a +0 shield
 e - a +0 plate armour (worn)
 l - a +2 hat (worn)
 y - a +2 pair of gloves (worn)
 F - a +2 cloak
 L - the +0 buckler of the Iron City of Dis {rF+ Int+3}
   (You found it on level 1 of the Lair of Beasts)

   It affects your intelligence (+3).
   It protects you from fire.
 M - a cursed +0 chain mail
 S - a +2 cloak (worn)
Magical Staves
 D - an uncursed staff of power
Jewellery
 i - an uncursed ring of ice
 j - an uncursed ring of flight
 n - a +2 ring of evasion (right hand)
 o - an uncursed ring of magical power
 p - an amulet of faith (around neck)
 q - an uncursed ring of ice
 r - an uncursed ring of stealth
 z - a +5 ring of evasion (left hand)
 C - an uncursed amulet of the gourmand {unknown}
 O - a cursed -2 ring of intelligence {unknown}
Wands
 b - a wand of random effects (27)
 w - a wand of polymorph (11)
 H - a wand of acid (5)
 N - a wand of flame (83)
Scrolls
 g - 3 scrolls of teleportation
 h - a scroll of fog
 x - 3 scrolls of remove curse
 J - 2 scrolls of blinking
 R - a scroll of identify
Potions
 d - 3 potions of might
 k - 5 potions of brilliance
 m - 3 potions of heal wounds
 t - 2 potions of curing
 v - 2 potions of ambrosia {unknown}
 I - 3 potions of cancellation
Miscellaneous
 u - a crystal ball of energy
Comestibles
 f - 22 rations


   Skills:
 + Level 11.2 Fighting
 + Level 14.2 Maces & Flails
 + Level 12.1 Armour
 + Level 5.2 Dodging
 - Level 3.3 Stealth
 + Level 5.5 Shields
 + Level 3.9 Unarmed Combat
 * Level 4.3 Spellcasting
 + Level 3.5 Invocations
 + Level 3.2 Evocations


You had 19 spell levels left.
You didn't know any spells.
Your spell library contained the following spells:

 Spells                   Type           Power        Failure   Level  Hunger
 Flame Tongue             Conj/Fire      #....        95%         1    ##.....
 Magic Dart               Conj           #...         95%         1    ##.....
 Blink                    Tloc           N/A          99%         2    ###....
 Call Imp                 Summ           #.......     99%         2    ###....
 Shroud of Golubria       Chrm/Tloc      #.........   99%         2    ###....
 Slow                     Hex            #.......     99%         2    ###....
 Throw Flame              Conj/Fire      #.....       99%         2    ###....
 Conjure Flame            Conj/Fire      #.......     100%        3    ####...
 Gell's Gravitas          Tloc           #.........   100%        3    ####...
 Inner Flame              Hex/Fire       #.......     100%        3    ####...
 Lesser Beckoning         Tloc           #.........   100%        3    ####...
 Mephitic Cloud           Conj/Pois/Air  #.......     100%        3    ####...
 Teleport Other           Tloc           #.......     100%        3    ####...
 Passage of Golubria      Tloc           N/A          100%        4    #####..
 Sticky Flame             Conj/Fire      #.......     100%        4    #####..
 Bolt of Magma            Conj/Fire/Erth #.........   100%        5    ######.
 Fireball                 Conj/Fire      #.........   100%        5    ######.
 Iskenderun's Battlesphe  Conj/Chrm      #.......     100%        5    ######.
 Venom Bolt               Conj/Pois      #.........   100%        5    ######.
 Iron Shot                Conj/Erth      #.........   100%        6    #######
 Orb of Destruction       Conj           #.........   100%        7    #######
 Spellforged Servitor     Conj/Summ      #.........   100%        7    #######


Dungeon Overview and Level Annotations

Branches:
Dungeon (9/15)             Temple (0/1) D:7            Lair (4/6) D:8
 Spider (0/4) Lair:3
  Swamp: Lair:2-4    Shoals: Lair:2-4       Orc: D:9-12

Altars:
Dithmenos
Hepliaklqana
Qazlal
Sif Muna
Trog
Vehumet
Wu Jian
Xom
Yredelemnul
Zin

Shops:
D:5 *

Annotations:
Lair:4 3 runed doors, Ykexkien's ghost, journeyman KoEn


Innate Abilities, Weirdness & Mutations

You reflexively headbutt those who attack you in melee.
You have a pair of horns on your head.
Your life essence is reduced to manifest your ancestor. (-10% HP)
You have sharp fingernails.
You are partially covered in molten scales. (AC +2)
You possess an exceptional clarity of mind.
Your muscles are strong. (Str +2)


Message History

The killer bee stings you but does no damage. x5
The killer bee stings you but does no damage.
The killer bee stings you.
* * * LOW HITPOINT WARNING * * *
The killer bee stings you but does no damage.
The killer bee stings you. x2
* * * LOW HITPOINT WARNING * * *
The killer bee stings you but does no damage.
A hippogriff comes into view.
The killer bee stings you but does no damage. x2
The queen bee calls on the killer bee to defend it!
The killer bee goes berserk!
The killer bee stings you but does no damage.
The killer bee barely misses you. The killer bee stings you.
* * * LOW HITPOINT WARNING * * *
The killer bee stings you.
* * * LOW HITPOINT WARNING * * *
The killer bee stings you but does no damage. x3
The killer bee stings you.
You die...

## .# ##
#.# ..
#.. #. ..
##y ##.##
#..S#yy.#
#yy@#
##y## #.Y
...# ##F#
.w H. #.#


You could see an elephant, a torpor snail, a hippogriff, a spiny frog, a queen
bee, a water moccasin and 5 killer bees.

Vanquished Creatures
  2 hydras (Lair:1)
  Pikel (D:7)
  4 elephants
  A black mamba (Lair:1)
  6 spiny frogs
  A rime drake (Lair:4)
  4 komodo dragons (Lair:1)
  Prince Ribbit (D:8)
  Grinder (D:5)
  2 hippogriffs
  17 yaks
  5 water moccasins
  2 orc warriors (D:6)
  2 porcupines (Lair:2)
  A sky beast (D:5)
  An ice beast (D:7)
  2 ogres (D:8)
  2 wolves (Lair:1)
  A centaur (D:7)
  7 crocodiles
  7 bullfrogs
  A scorpion (D:5)
  17 killer bees (Lair:4)
  A howler monkey (D:8)
  2 jellies
  2 crimson imps
  3 hounds
  A centaur zombie (D:5)
  An orc priest (D:6)
  7 orc wizards
  An iguana (D:4)
  A bullfrog skeleton (D:6)
  Ijyb (D:5)
  Natasha (thrice) (D:4)
  5 worker ants
  A hound skeleton (D:8)
  6 gnolls
  2 adders
  2 shadow imps (D:5)
  2 oozes
  An adder skeleton (D:5)
  An adder zombie (D:5)
  2 worms (D:3)
  2 dart slugs
  23 orcs
  A ball python (D:3)
  5 bats
  5 giant cockroaches
  8 goblins
  4 hobgoblins
  10 jackals
  A quokka (D:8)
  3 frilled lizards
  5 kobolds
  A leopard gecko skeleton (D:4)
  A leopard gecko zombie (D:6)
  5 rats
207 creatures vanquished.

Vanquished Creatures (collateral kills)
  A minotaur (Lab)
  3 elephants (Lair:1)
  Joseph (D:8)
  A black mamba (Lair:3)
  A spiny frog (Lair:1)
  A rime drake (Lair:1)
  A blink frog (Lair:1)
  A hippogriff (D:8)
  2 yaks (Lair:4)
  Edmund (D:4)
  2 water moccasins (Lair:1)
  A phantom (D:8)
  A sky beast (D:7)
  2 ice beasts
  An ogre (D:5)
  2 wolves (Lair:1)
  A big kobold (D:7)
  A crimson imp (D:7)
  A hound (D:8)
  Crazy Yiuf (D:6)
  An iguana (D:7)
  2 adders
  An orc (D:6)
  A jackal (D:5)
  A fungus (Lair:4)
32 creatures vanquished.

Vanquished Creatures (others)
  3 battlemagi
  3 fungi (Lair:2)
  5 plants
11 creatures vanquished.

Grand Total: 250 creatures vanquished

Notes
Turn   | Place    | Note
-------+----------+-------------------------------------------
     0 | D:1      | senseless the Minotaur Fighter began the quest for the Orb.
     0 | D:1      | Reached XP level 1. HP: 19/19 MP: 0/0
   238 | D:1      | Reached XP level 2. HP: 27/27 MP: 1/1
   584 | D:2      | Reached XP level 3. HP: 31/33 MP: 2/2
  1112 | D:3      | Reached skill level 3 in Maces & Flails
  1112 | D:3      | Reached skill level 1 in Dodging
  1112 | D:3      | Reached XP level 4. HP: 32/40 MP: 3/3
  1919 | D:4      | Noticed Natasha
  1927 | D:4      | Killed Natasha
  1927 | D:4      | Reached XP level 5. HP: 45/47 MP: 4/4
  1982 | D:4      | Reached skill level 5 in Armour
  2061 | D:4      | Noticed Natasha
  2065 | D:4      | Killed Natasha
  2065 | D:4      | Reached skill level 4 in Maces & Flails
  2106 | D:4      | Noticed Natasha
  2123 | D:4      | Killed Natasha
  2127 | D:4      | Reached XP level 6. HP: 45/53 MP: 5/5
  2313 | D:4      | Found a hazy altar of Hepliaklqana.
  2319 | D:4      | Became a worshipper of Hepliaklqana the Forgotten
  2429 | D:4      | Noticed Edmund
  2446 | D:4      | Killed Edmund
  2446 | D:4      | Reached skill level 5 in Maces & Flails
  2514 | D:4      | Found a glowing silver altar of Zin.
  2558 | D:5      | Entered Level 5 of the Dungeon
  2568 | D:5      | Reached skill level 5 in Shields
  2604 | D:5      | Found a basalt altar of Yredelemnul.
  2605 | D:5      | Found a bloodstained altar of Trog.
  2607 | D:5      | Found an ornate altar of the Wu Jian Council.
  2645 | D:5      | Reached skill level 5 in Fighting
  2646 | D:5      | Noticed a sky beast
  2652 | D:5      | Reached XP level 7. HP: 52/54 MP: 6/6
  2668 | D:5      | Noticed Ijyb
  2674 | D:5      | Killed Ijyb
  2695 | D:5      | Reached skill level 6 in Maces & Flails
  2777 | D:5      | Found a snail-covered altar of Cheibriados.
  2859 | D:5      | Found a glowing silver altar of Zin.
  2859 | D:5      | Found a shadowy altar of Dithmenos.
  2861 | D:5      | Found a radiant altar of Vehumet.
  2861 | D:5      | Found a snail-covered altar of Cheibriados.
  2861 | D:5      | Found a shimmering altar of Xom.
  2963 | D:5      | Found Lunufedd's General Store.
  3007 | D:5      | Reached * piety under Hepliaklqana
  3068 | D:5      | Found a deep blue altar of Sif Muna.
  3141 | D:5      | Noticed Grinder
  3145 | D:5      | Killed Grinder
  3145 | D:5      | Reached skill level 7 in Maces & Flails
  3145 | D:5      | Reached XP level 8. HP: 63/63 MP: 7/7
  3575 | D:6      | Reached skill level 9 in Maces & Flails
  3575 | D:6      | Reached XP level 9. HP: 62/71 MP: 7/13
  3786 | D:6      | Reached skill level 5 in Dodging
  4126 | D:6      | Found a runed door.
  4270 | D:6      | Noticed Crazy Yiuf
  4273 | D:6      | Paralysed by Crazy Yiuf for 7 turns
  4280 | D:6      | Killed Crazy Yiuf
  4534 | D:7      | Reached ** piety under Hepliaklqana
  4535 | D:7      | Remembered your ancestor Izel as a battlemage
  4670 | D:7      | Found a staircase to the Ecumenical Temple.
  4823 | D:7      | Found a stormy altar of Qazlal.
  4989 | D:7      | Noticed Pikel
  5002 | D:7      | Killed Pikel
  5002 | D:7      | Reached skill level 10 in Maces & Flails
  5140 | D:8      | Noticed Joseph
  5149 | D:8      | Killed Joseph
  5149 | D:8      | Reached XP level 10. HP: 78/81 MP: 14/14
  5277 | D:8      | Noticed Prince Ribbit
  5282 | D:8      | Killed Prince Ribbit
  5358 | D:8      | Found a staircase to the Lair.
  5622 | D:8      | Reached *** piety under Hepliaklqana
  5845 | Lair:1   | Entered Level 1 of the Lair of Beasts
  5884 | Lair:1   | Noticed a spiny frog
  5890 | Lair:1   | Noticed an elephant
  5891 | Lair:1   | Killed a spiny frog
  5891 | Lair:1   | Reached skill level 11 in Maces & Flails
  5891 | Lair:1   | Noticed an elephant
  5895 | Lair:1   | Noticed an elephant
  5898 | Lair:1   | Noticed an elephant
  5903 | Lair:1   | Killed an elephant
  5908 | Lair:1   | Killed an elephant
  5917 | Lair:1   | Killed an elephant
  5918 | Lair:1   | Killed an elephant
  6099 | Lair:1   | Found a labyrinth entrance.
  6114 | Lair:1   | Got a bloodstained buckler
  6129 | Lab      | Entered a labyrinth
  6469 | Lab      | Reached **** piety under Hepliaklqana
  6477 | Lab      | Noticed a minotaur
  6492 | Lab      | Killed a minotaur
  6492 | Lab      | Reached skill level 12 in Maces & Flails
  6492 | Lab      | Reached skill level 10 in Armour
  6492 | Lab      | Reached XP level 11. HP: 28/87 MP: 15/15
  6904 | Lair:1   | Noticed a seven-headed hydra
  6910 | Lair:1   | Killed a seven-headed hydra
  7236 | Lair:1   | Noticed a six-headed hydra
  7250 | Lair:1   | Killed a six-headed hydra
  7250 | Lair:1   | Reached skill level 10 in Fighting
  7275 | Lair:1   | Reached skill level 13 in Maces & Flails
  7332 | Lair:1   | Identified the +0 buckler of the Iron City of Dis {rF+
                  | Int+3} (You found it on level 1 of the Lair of Beasts)
  7336 | Lair:1   | Gained mutation: You have sharp fingernails. [potion of
                  | mutation]
  7336 | Lair:1   | Gained mutation: Your muscles are strong. (Str +2) [potion
                  | of mutation]
  7336 | Lair:1   | Gained mutation: You possess an exceptional clarity of
                  | mind. [potion of mutation]
  7336 | Lair:1   | Gained mutation: You are partially covered in molten
                  | scales. (AC +2) [potion of mutation]
  8488 | Lair:2   | Reached ***** piety under Hepliaklqana
  9171 | Lair:3   | Found a hole to the Spider Nest.
  9586 | Lair:3   | Reached XP level 12. HP: 92/97 MP: 16/16
  9981 | Lair:4   | Found a runed gate.
  9981 | Lair:4   | Found a runed gate.
  9982 | Lair:4   | Found a runed gate.
  9984 | Lair:4   | Noticed a 12-headed hydra
  9984 | Lair:4   | Noticed Ykexkien's ghost (journeyman KoEn)
  9985 | Lair:4   | Noticed a 12-headed hydra
 10040 | Lair:4   | Reached skill level 14 in Maces & Flails
 10205 | Lair:4   | HP: 4/99 [killer bee (2)]
 10206 | Lair:4   | HP: 1/99 [killer bee (2)]
 10206 | Lair:4   | Slain by a killer bee

Skill      XL: |  1  2  3  4  5  6  7  8  9 10 11 12 |
---------------+-------------------------------------+-----
Armour         | 4 5 6 8 10 11 12 | 12.1
Fighting       | 4 5 7 8 9 10 11 | 11.2
Shields        | 4 5 |  5.5
Maces & Flails | 3 4 5 7 9 10 12 13 14 | 14.2
Dodging        | 1 2 4 5 |  5.2
Stealth        | 3 |  3.3
Unarmed Combat | 3 |  3.9
Spellcasting   | 3 4 |  4.3
Invocations    | 3 |  3.5
Evocations     | 3 |  3.2

Action                   |  1- 3 |  4- 6 |  7- 9 | 10-12 || total
-------------------------+-------+-------+-------+-------++-------
Melee: Mace              |    85 |    61 |       |       ||   146
       Headbutt          |    20 |    18 |    31 |    86 ||   155
       Flail             |       |    54 |       |       ||    54
       Dire flail        |       |    12 |   190 |   356 ||   558
Invok: Ancestor Identity |       |     1 |       |       ||     1
       Ancestor Life: Ba |       |       |     1 |       ||     1
       Recall Ancestor   |       |       |       |     1 ||     1
  Use: Scroll            |     8 |     3 |     3 |    11 ||    25
       Potion            |       |       |     1 |     7 ||     8
 Stab: Distracted        |       |       |     1 |     6 ||     7
  Eat: Chunk             |       |     5 |     2 |     5 ||    12
       Ration            |       |       |     2 |     3 ||     5
Armor: Scale mail        |    51 |    39 |    34 |       ||   124
       Plate armour      |       |       |    58 |   143 ||   201
Dodge: Dodged            |    24 |    50 |    93 |   204 ||   371
Block: Shield            |    44 |    43 |       |       ||    87
